 Dungeon Crawl Stone Soup version 0.19-a0-32-gbfd796a (webtiles) character file.

39 M4edhros the Grave Robber (level 3, -17/21 HPs)
             Began as an Octopode Necromancer on May 2, 2016.
             Demolished by an ogre
             ... wielding a +0 giant club
              (20 damage)
             ... on level 4 of the Dungeon.
             The game lasted 00:03:46 (696 turns).

M4edhros the Grave Robber (Octopode Necromancer)     Turns: 696, Time: 00:03:47

Health: -17/21     AC:  1    Str:  7    XL:     3   Next: 47%
Magic:  3/6        EV: 12    Int: 17    God:
Gold:   55         SH:  0    Dex: 15    Spells: 3 memorised, 1 level left

rFire  . . .     SeeInvis .       - Unarmed
rCold  . . .     Gourm    .     (no shield)
rNeg   . . .     Faith    .     (helmet restricted)
rPois  .         Spirit   .     (no amulet)
rElec  .         Dismiss  .     m - +2 ring of dexterity
rCorr  .         Reflect  .     (no ring)
SustAt .         Harm     .     (no ring)
MR     .....                    (no ring)
Stlth  +++.......               (no ring)
                                (no ring)
                                (no ring)
                                (no ring)

@: very slightly contaminated, invisible, not resistant to hostile enchantments,
fairly stealthy
A: almost no armour, amphibious, 8 rings, constrict 8, camouflage 1, gelatinous
body 1
a: no special abilities


You were on level 4 of the Dungeon.
You were not hungry.

You visited 1 branch of the dungeon, and saw 4 of its levels.

You collected 55 gold pieces.

Inventory:

Jewellery
 m - a +2 ring of dexterity (left tentacle)
Scrolls
 e - 3 scrolls of remove curse {unknown}
 f - a scroll of magic mapping {unknown}
 h - a scroll of fear {unknown}
 i - a scroll of recharging {unknown}
 l - 3 scrolls of enchant weapon {unknown}
 n - a scroll of random uselessness {unknown}
 o - a scroll of identify {unknown}
Potions
 k - a potion of mutation {unknown}
Books
 a - a book of Necromancy

   Spells                             Type                      Level
   a - Pain                           Necromancy                   1
   b - Animate Skeleton               Necromancy                   1
   c - Vampiric Draining              Necromancy                   3
   d - Regeneration                   Charms/Necromancy            3
   e - Animate Dead                   Necromancy                   4
   f - Control Undead                 Necromancy                   4
Comestibles
 b - 2 bread rations
 c - 3 fruits
 g - a beef jerky


   Skills:
 - Level 2.0 Dodging
 - Level 2.6 Stealth
 + Level 3.0 Unarmed Combat
 - Level 2.0 Spellcasting
 - Level 4.0 Necromancy


You had one spell level left.
You knew the following spells:

 Your Spells              Type           Power        Failure   Level  Hunger
a - Pain                  Necr           ###.         3%          1    #......
b - Animate Skeleton      Necr           N/A          3%          1    #......
r - Regeneration          Chrm/Necr      #.........   24%         3    ###....


Dungeon Overview and Level Annotations

Branches:
Dungeon (4/15)
 Temple: D:4-7

Altars:
Ru
Trog


Innate Abilities, Weirdness & Mutations

You cannot wear most types of armour.
You are amphibious.
You can wear up to eight rings at the same time.
You can use your tentacles to constrict eight enemies at once.
Your skin changes colour to match your surroundings (Stealth).
Your rubbery body absorbs attacks (AC +1).


Message History

You tentacle-slap the ogre.
The ogre is severely wounded.
The ogre barely misses you.
You tentacle-slap the ogre.
The ogre is severely wounded.
The ogre closely misses you.
You catch the helpless ogre completely off-guard!
You tentacle-slap the ogre.
The ogre is severely wounded.
The ogre hits you with a giant club!
Ouch! That really hurt!
* * * LOW HITPOINT WARNING * * *
You catch the helpless ogre completely off-guard!
You tentacle-slap the ogre.
The ogre is severely wounded.
You barely miss the ogre.
The ogre is severely wounded.
The ogre hits you with a giant club!!
Ouch! That really hurt!
You die...

. . .# # #.#.#
###....##
#...#...#
########.#.....#
#.....@.....#
......O##.####
##.###.##.#
#.##.# #.##.#
#.###.##.#.#
##....<.....#
.........###.#
.######### #..


You could see an ogre.

Vanquished Creatures
  An adder (D:2)
  An adder skeleton (D:4)
  2 worms (D:2)
  A giant gecko (D:3)
  2 orcs
  2 giant cockroaches
  A hobgoblin (D:1)
  2 kobolds (D:3)
  A quokka (D:2)
  2 bats
  A giant newt (D:3)
  4 rats
20 creatures vanquished.

Notes
Turn   | Place    | Note
--------------------------------------------------------------
     0 | D:1      | M4edhros the Octopode Necromancer began the quest for the Orb.
     0 | D:1      | Reached XP level 1. HP: 11/11 MP: 3/3
   160 | D:1      | Reached skill level 1 in Unarmed Combat
   249 | D:2      | Reached XP level 2. HP: 14/17 MP: 1/5
   377 | D:3      | Reached XP level 3. HP: 4/21 MP: 2/6
   396 | D:2      | Learned a level 1 spell: Animate Skeleton
   400 | D:2      | Learned a level 3 spell: Regeneration
   467 | D:2      | Found a bloodstained altar of Trog.
   584 | D:2      | Found a sacrificial altar of Ru.
   666 | D:4      | Noticed an ogre
   696 | D:4      | Demolished by an ogre

Vault maps used:
D:1:      onia_arrival_pyramid
D:2:      nicolae_overflow_hidden_temple, lemuel_crystal_altar, serial_glass,
          glass_columns_a, glass_columns_a, first_bread,
          hangedman_decor_riveting
D:3:      minivault_27, cheibrodos_gnoll_hut, uniq_grinder
D:4:      kennysheep_mini, temple_green, serial_shops, shop, enter_ossuary_1,
          kennysheep_generic_room_10

Skill      XL: |  1  2  3 |
---------------+----------+-----
Unarmed Combat | 2 3 |  3.0
Dodging        | |  2.0
Stealth        | |  2.6
Spellcasting   | |  2.0
Necromancy     | |  4.0

Action                   || total
-------------------------++-------
Melee: Unarmed           ||    43
       Constrict         ||    12
       Tentacles         ||     6
 Cast: Pain              ||    20
       Regeneration      ||     2
  Use: Potion            ||     2
 Stab: Invisible         ||     3
       Sleeping          ||     2
Armor: Skin              ||     2
Dodge: Dodged            ||    28
